 Dungeon Crawl Stone Soup version 0.26-a0-812-g31a745ddcd (webtiles) character file.

Game seed: 5818660418796991053

460 Dracia the Poker (level 6, -8/44 HPs)
             Began as a Demonspawn Warper on Dec 3, 2020.
             Mangled by an ogre
             ... wielding a +0 giant club
              (26 damage)
             ... on level 4 of the Dungeon.
             The game lasted 00:10:48 (4452 turns).

Dracia the Poker (Demonspawn Warper)                Turns: 4452, Time: 00:10:49

Health: -8/44      AC:  6    Str: 12    XL:     6   Next: 78%
Magic:  9/9        EV: 12    Int: 15    God:
Gold:   222        SH:  0    Dex: 13    Spells: 1/9 levels left

rFire    + . .     SeeInvis .   n - +6 scythe (vorpal)
rCold    x . .     Faith    .   (shield currently unavailable)
rNeg     . . .     Spirit   .   b - +0 leather armour
rPois    .         Reflect  .   r - +0 helmet
rElec    .         Harm     .   (no cloak)
rCorr    .         Rampage  .   (no gloves)
MR       .....                  (no boots)
Stlth    +.........             (no amulet)
HPRegen  0.14/turn              k - ring of flight
MPRegen  0.11/turn              w - ring of fire

@: no status effects
A: hooves 2, molten scales 1
a: Evoke Flight


You were on level 4 of the Dungeon.
You visited 1 branch of the dungeon, and saw 4 of its levels.

You collected 222 gold pieces.


Innate Abilities, Weirdness & Mutations

You have hoof-like feet.
You are partially covered in molten scales. (AC +2)


   Skills:
 - Level 2.0 Fighting
 * Level 5.2 Polearms
 - Level 0.8 Throwing
 - Level 3.0 Armour
 - Level 1.7 Dodging
 - Level 2.0 Spellcasting
 + Level 3.9 Translocations


You had one spell level left.
You knew the following spells:

 Your Spells              Type           Power        Failure   Level
a - Blink                 Tloc           N/A          9%          2
b - Gell's Gravitas       Tloc           ##........   17%         3
c - Lesser Beckoning      Tloc           ##........   17%         3

Your spell library contained the following spells:

 Spells                   Type           Power        Failure   Level
 Teleport Other           Tloc           ##......     17%         3
 Passage of Golubria      Tloc           N/A          50%         4

Inventory:

Hand Weapons
 a - a +0 spear
 n - a +6 vorpal scythe (weapon)
Missiles
 e - 5 boomerangs of dispersal {=f=f}
 m - a throwing net {=f=f}
 q - 38 poisoned darts (quivered)
 t - 3 silver boomerangs
Armour
 b - a +0 leather armour (worn)
 r - a +0 helmet (worn)
 y - a +0 pair of boots
Jewellery
 i - an uncursed amulet of faith {!P!P}
 k - a ring of flight (left hand)
 w - a ring of fire (right hand)
Scrolls
 c - 5 scrolls of identify {unknown}
 d - a scroll of blinking
 g - a scroll of immolation {unknown}
 h - 2 scrolls of teleportation {unknown}
 l - a scroll of remove curse {unknown}
 o - a scroll of enchant weapon {unknown}
 p - 2 scrolls of fog {unknown}
 u - a scroll of enchant armour {unknown}
 x - a scroll of fear {unknown}
Potions
 f - a potion of haste {@q3@q3}
 j - 3 potions of curing {@q1@q1}
 s - a potion of cancellation {unknown}
 v - a potion of mutation {unknown}

Dungeon Overview and Level Annotations

Branches:
Dungeon (4/15)
 Temple: D:4-7

Altars:

...
...##..####.#........
#.................##.
#..................#.
#.#.................. .
#...................#
... #...#............#
.....##...............#
#...)O@..............##
.......##.#...........#.
>...#..####.............
... #.....#.##..........
. ###.....##.......#..
.....##.......#..
.#....#...##.....
.#...#...###....
#............


You could see an ogre.


Message History

Blork the orc hits you from afar with a +0 glaive.
* * * LOW HITPOINT WARNING * * *
You are too injured to fight recklessly!
Attack whom?
Press: ? - help, Dir - move target cursor, f/p - Blork the orc
Aim: Blork the orc, wielding a +0 glaive and wearing a +0 robe (severely wounded)
You reach to attack!
You hit Blork the orc.
Blork the orc is almost dead.
Blork the orc hits you from afar with a +0 glaive.
* * * LOW HITPOINT WARNING * * *
Attack whom?
Press: ? - help, Dir - move target cursor, f/p - Blork the orc
Aim: Blork the orc, wielding a +0 glaive and wearing a +0 robe (almost dead)
You reach to attack!
You slash Blork the orc!
You kill Blork the orc!
The frilled lizard bites you but does no damage.
Attack whom?
Press: ? - help, Dir - move target cursor, f - frilled lizard
Aim: a frilled lizard You hit the frilled lizard.
You kill the frilled lizard!
The ogre barely misses you.
Attack whom?
Press: ? - help, Dir - move target cursor, f - ogre
Aim: an ogre, wielding a +0 giant club You slash the ogre!
The ogre is moderately wounded.
The ogre hits you with a +0 giant club!!
Ouch! That really hurt!
You die...

Skill      XL: |  1  2  3  4  5  6 |
---------------+-------------------+-----
Polearms       | 2 3 4 5 |  5.2
Armour         | 1 2 3 |  3.0
Translocations | 3 |  3.9
Fighting       | |  2.0
Throwing       | |  0.8
Dodging        | |  1.7
Spellcasting   | |  2.0

Action                   |  1- 3 |  4- 6 || total
-------------------------+-------+-------++-------
Melee: Spear             |   181 |    37 ||   218
       Kick              |       |    17 ||    17
       Scythe            |       |    85 ||    85
 Cast: Blink             |       |     1 ||     1
  Use: Potion            |       |     4 ||     4
 Stab: Sleeping          |     2 |       ||     2
Armor: Leather armour    |    72 |    67 ||   139
Dodge: Dodged            |   110 |   110 ||   220

Levels and vault maps discovered:
D:1:      dpeg_arrival_central, layout_loops_ring
D:2:      layout_basic, kennysheep_another_room, minmay_misc_feat_alley
D:3:      layout_basic, uniq_sigmund, uniq_terence
D:4:      layout_cave_pools, kennysheep_generic_room_14, uniq_blork_the_orc,
          uniq_robin

Notes
Turn   | Place    | Note
-------+----------+-------------------------------------------
     0 | D:1      | Dracia the Demonspawn Warper began the quest for the Orb.
     0 | D:1      | Reached XP level 1. HP: 16/16 MP: 3/3
    64 | D:1      | Reached skill level 2 in Polearms
   120 | D:1      | Reached skill level 1 in Armour
   280 | D:1      | Gained mutation: You are partially covered in molten
                  | scales. (AC +2) [demonic ancestry]
   280 | D:1      | Reached XP level 2. HP: 19/22 MP: 5/5
   530 | D:1      | Learned a level 2 spell: Blink
  1062 | D:2      | Reached XP level 3. HP: 9/27 MP: 6/6
  1359 | D:2      | Reached skill level 3 in Polearms
  1769 | D:2      | Learned a level 3 spell: Gell's Gravitas
  2326 | D:2      | Reached skill level 2 in Armour
  2901 | D:3      | Gained mutation: You have large cloven feet. [demonic
                  | ancestry]
  2901 | D:3      | Reached XP level 4. HP: 31/33 MP: 7/7
  3116 | D:3      | Noticed Sigmund
  3128 | D:3      | Killed Sigmund
  3128 | D:3      | Reached skill level 4 in Polearms
  3128 | D:3      | Reached skill level 3 in Translocations
  3128 | D:3      | Reached XP level 5. HP: 33/38 MP: 8/8
  3289 | D:3      | Noticed Terence
  3299 | D:3      | Killed Terence
  3491 | D:3      | Gained mutation: You have hoof-like feet. [demonic
                  | ancestry]
  3491 | D:3      | Reached XP level 6. HP: 41/44 MP: 9/9
  3649 | D:3      | Learned a level 3 spell: Lesser Beckoning
  3660 | D:4      | Noticed Robin
  3698 | D:3      | Reached skill level 3 in Armour
  4218 | D:4      | Killed Robin
  4300 | D:4      | Reached skill level 5 in Polearms
  4443 | D:4      | Noticed Blork the orc
  4450 | D:4      | Killed Blork the orc
  4452 | D:4      | Mangled by an ogre

Vanquished Creatures
  Sigmund (D:3)
  Blork the orc (D:4)
  2 hounds (D:3)
  Terence (D:3)
  An iguana (D:4)
  Robin (D:4)
  3 adders
  A white imp (D:2)
  2 oozes
  A dart slug (D:1)
  A worm (D:3)
  2 leopard geckos
  3 orcs (D:3)
  3 giant cockroaches
  16 goblins
  6 hobgoblins
  2 jackals (D:3)
  A quokka (D:2)
  A ball python (D:1)
  9 bats
  8 frilled lizards
  8 kobolds
  3 rats
77 creatures vanquished.

Table legend: (Time is in decaauts)
 A = Elapsed time spent in this place.
 B = Non-inter-level travel time spent in this place.
 C = Inter-level travel time spent in this place.
 D = Time resting spent in this place.
 E = Time spent auto-exploring this place.
 F = Levels seen in this place.
 G = Mean time per level.
                   A        B        C        D        E       F      G
               +--------+--------+--------+--------+--------+-----+--------+
         Total |   4503 |   4441 |     62 |   1248 |   2559 |   4 | 1125.8 |
       Dungeon |   4503 |   4441 |     62 |   1248 |   2559 |   4 | 1125.8 |
               +--------+--------+--------+--------+--------+-----+--------+

Top non-repeatable levels by time:
     D:2: 1811 daAuts
     D:3: 1418 daAuts
     D:1: 1021 daAuts
     D:4: 252 daAuts

Table legend:
 A = Non-vault XP
 B = Vault XP
 C = Vault XP percentage of total XP
 D = Non-vault monster count
 E = Vault monster count
 F = Vault count percentage of total count
                 A         B        C        D         E       F
            +---------+---------+-------+---------+---------+-------
      Total |     282 |     376 |  57.1 |      62 |      15 |  19.5
            +---------+---------+-------+---------+---------+-------
        D:1 |      39 |       0 |   0.0 |      19 |       0 |   0.0
        D:2 |      51 |       0 |   0.0 |      12 |       0 |   0.0
        D:3 |     154 |     267 |  63.4 |      29 |      13 |  31.0
        D:4 |      38 |     109 |  74.1 |       2 |       2 |  50.0
            +---------+---------+-------+---------+---------+-------
